 Dungeon Crawl Stone Soup version 0.29.1-15-g9cfb28693d (webtiles) character file.

Game seed: 16922195775267486977

9533 nightchill the Basher (level 11, -2/114 HPs)
             Began as a Gargoyle Fighter on Mar 23, 2023.
             Was an Initiate of Gozag.
             Slain by a death yak (7 damage)
             ... on level 8 of the Dungeon.
             The game lasted 00:27:11 (12006 turns).

nightchill the Basher (Gargoyle Fighter)           Turns: 12006, Time: 00:27:11

Health: -2/114     AC: 20    Str: 19    XL:     11   Next: 48%
Magic:  11/11      EV:  7    Int: 14    God:    Gozag
Gold:   1491       SH:  6    Dex:  9    Spells: 4/10 levels left

rFire   . . .      SeeInvis .   E - +3 whip (freeze)
rCold   . . .      Faith    .   I - +2 buckler
rNeg    + . .      Spirit   .   B - +0 chain mail
rPois   ∞          Reflect  .   C - +0 helmet
rElec   +          Harm     .   u - +0 cloak
rCorr   .          Rampage  .   (no gloves)
Will    .....                   O - +0 pair of boots
Stlth   ..........              (no amulet)
HPRegen 0.29/turn               b - +4 ring of slaying
MPRegen 0.12/turn               L - +4 ring of slaying

@: berserking, gold aura, very quick
A: sickness immunity, AC +8, negative energy resistance 1, electricity
resistance, torment resistance 1, petrification resistance
a: Renounce Religion, Potion Petition, Call Merchant, Bribe Branch


You were on level 8 of the Dungeon.
You worshipped Gozag.
Gozag was most pleased with you.
You visited 2 branches of the dungeon, and saw 11 of its levels.
You also visited: Bailey.

You collected 1552 gold pieces.
You paid 61 gold pieces to Gozag.

Inventory:

Hand Weapons
 a - a +0 flail
 q - a +2 flail of protection
 E - a +3 whip of freezing (weapon)
 F - a +2 whip of flaming
Missiles
 g - a throwing net
 n - 3 curare-tipped darts (quivered)
 p - 2 datura-tipped darts
Armour
 u - a +0 cloak (worn)
 B - a +0 chain mail (worn)
 C - a +0 helmet (worn)
 I - a +2 buckler (worn)
 O - a +0 pair of boots (worn)
Jewellery
 b - a +4 ring of slaying (left hand)
 r - a ring of fire
 t - a +4 ring of protection
 z - a +6 ring of dexterity
 G - the ring "Gyjuf" {rElec rCorr Str+5 Int+6}
   (You found it on level 10 of the Dungeon)

   [ring of intelligence]

   Str:       It affects your strength (+5).
   Int:       It affects your intelligence (+6).
   rElec:     It insulates you from electricity.
   rCorr:     It protects you from acid and corrosion.
 L - a +4 ring of slaying (right hand)
Wands
 H - a wand of paralysis (3)
 N - a wand of acid (10)
Scrolls
 f - 3 scrolls of teleportation
 h - 2 scrolls of fog {unknown}
 i - a scroll of vulnerability
 v - a scroll of enchant weapon {unknown}
 x - a scroll of poison {unknown}
 y - 2 scrolls of fear {unknown}
 A - a scroll of silence {unknown}
 D - 2 scrolls of amnesia {unknown}
 J - 2 scrolls of noise {unknown}
 M - a scroll of blinking {unknown}
Potions
 c - 2 potions of cancellation {unknown}
 d - 2 potions of ambrosia {unknown}
 e - 4 potions of attraction
 j - a potion of berserk rage
 k - 4 potions of flight
 l - 2 potions of lignification
 m - 6 potions of curing
 s - 2 potions of mutation {unknown}
 w - a potion of heal wounds
 K - a potion of magic {unknown}


   Skills:
 + Level 11.8 Fighting
 - Level 12.0 Maces & Flails
 - Level 3.2 Armour
 - Level 3.2 Shields
 * Level 7.5 Summonings


You had 4 spell levels left.
You knew the following spells:

 Your Spells              Type           Power      Damage    Failure   Level
a - Summon Cactus Giant   Summ           10%        N/A       100%        6

Your spell library contained the following spells:

 Spells                   Type           Power      Damage    Failure   Level
 Slow                     Hex            0%         N/A       99%         1
 Confusing Touch          Hex            0%         N/A       100%        3
 Vampiric Draining        Necr           0%         2d6       100%        3
 Anguish                  Hex/Necr       0%         N/A       100%        4
 Summon Forest            Summ/Tloc      5%         N/A       100%        5
 Summon Mana Viper        Hex/Summ       10%        N/A       100%        5
 Enfeeble                 Hex            0%         N/A       100%        7


Dungeon Overview and Level Annotations

Branches:
Dungeon (10/15)            Temple (1/1) D:4          Bailey (visited)
   Lair: D:8-11         Orc: D:9-12

Altars:
Ashenzari
Dithmenos
Fedhas
Gozag
Kikubaaqudgha
Makhleb
Nemelex Xobeh
Okawaru
Ru
Sif Muna
Trog
Wu Jian
Xom
The Shining One

Shops:
D:2 ==!   D:4 ?

Annotations:
D:6 2 transporters, exclusions: downstairs and 1 more exclusion
D:7 2 transporters, diceflayer's ghost, novice DsHu
D:8 exclusion: downstairs


Innate Abilities, Weirdness & Mutations

You are immune to sickness and miasma.
Your stone body is resilient. (AC +8)
You are immune to poison.
You resist negative energy. (rN+)
You are resistant to electric shocks. (rElec)
You are resistant to unholy torment.
You are immune to petrification.


Message History

You whack the death yak! You freeze the death yak.
The death yak is heavily wounded.
You hit the death yak. You freeze the death yak.
The death yak is heavily wounded.
You thrash the death yak!! You freeze the death yak!
The death yak is almost dead.
The death yak barely misses you.
You whack the death yak! You freeze the death yak.
You kill the death yak!
The death yak gores you!
* * * LOW HITPOINT WARNING * * *
You see here 14 gold pieces.
You hit the death yak but do no damage. You hit the death yak.
You freeze the death yak.
The death yak is lightly wounded.
The death yak gores you.
* * * LOW HITPOINT WARNING * * *
You whack the death yak! You freeze the death yak.
The death yak is moderately wounded.
You whack the death yak! You freeze the death yak.
The death yak is moderately wounded.
You barely miss the death yak.
The death yak is moderately wounded.
The death yak gores you.
* * * LOW HITPOINT WARNING * * *
You hit the death yak. You freeze the death yak.
The death yak is heavily wounded.
You whack the death yak! You freeze the death yak.
The death yak is severely wounded.
You barely miss the death yak.
The death yak is severely wounded.
The death yak gores you!
* * * LOW HITPOINT WARNING * * *
You whack the death yak! You freeze the death yak.
The death yak is almost dead.
You hit the death yak. You freeze the death yak.
The death yak is almost dead.
The death yak gores you!
You die...
Your body crumbles into a pile of gold.

.# #.#..# #............## .#
#.#..# ##............. .# #.#..#
###########.## .# #.#..# #.## .#
#.#..# #.## .#####.#..# #########
#.#. .......#..# #.......# #.#.
.#######..#########..>....# #.#.
................@Y........# #.#.
########..#########.......# #.#.
..........................####.#.
##....................[...'......
#.####...................####.##
#.#......####.###.#'#.........##
#.#.#.........#.....#...........
##.#.#.#..####.#.#.#.#########...
.....#.#..# #.#.#.### ####


You could see a death yak.

Vanquished Creatures
  A centaur warrior (D:9)
  A death yak (D:8)
  A two-headed ogre (D:10)
  Pikel (D:6)
  An orc knight (Bailey)
  Joseph (D:8)
  Maggie (D:6)
  A kobold demonologist (D:10)
  Sigmund (D:3)
  A vampire (D:10)
  15 yaks
  Grum (D:10)
  A wyvern (D:7)
  2 steam dragons
  2 water moccasins
  3 orc warriors
  3 ice beasts
  An ogre (D:5)
  4 wolves (D:10)
  2 lemures (D:6)
  A kobold brigand (D:9)
  3 bullfrogs
  A necrophage (D:6)
  3 scorpions
  4 wights (D:7)
  2 jellies (D:6)
  5 killer bees
  4 howler monkeys
  2 hounds (D:6)
  2 orc priests (D:7)
  A quasit (D:8)
  A gnoll bouda (D:7)
  4 iguanas
  Jessica (D:3)
  6 orc wizards
  8 adders
  7 gnolls
  7 shadow imps
  2 white imps (D:8)
  2 ufetubi
  2 worms (D:2)
  2 dart slugs
  21 orcs
  6 bats
  11 endoplasms
  2 giant cockroaches
  10 goblins
  6 hobgoblins
  4 jackals (D:1)
  2 quokkas
  7 ball pythons
  A frilled lizard (D:2)
  15 kobolds
  7 rats
206 creatures vanquished.

Vanquished Creatures (others)
  2 demonic plants (D:8)
2 creatures vanquished.

Grand Total: 208 creatures vanquished

Notes
Turn   | Place    | Note
-------+----------+-------------------------------------------
     0 | D:1      | nightchill the Gargoyle Fighter began the quest for the
                  | Orb.
     0 | D:1      | Reached XP level 1. HP: 14/14 MP: 1/1
   374 | D:1      | Reached XP level 2. HP: 19/19 MP: 2/2
   847 | D:1      | Reached skill level 3 in Maces & Flails
   848 | D:1      | Reached XP level 3. HP: 15/24 MP: 3/3
  1066 | D:2      | Found Mama's Jewellery Emporium.
  1075 | D:2      | Found Fuokhly's Jewellery Boutique.
  1142 | D:2      | Found a faded altar of an unknown god.
  1356 | D:2      | Found Kaufamit's Distillery.
  1644 | D:2      | Reached XP level 4. HP: 25/29 MP: 4/4
  2100 | D:3      | Noticed an ice beast
  2111 | D:3      | Killed an ice beast
  2112 | D:3      | Reached skill level 4 in Maces & Flails
  2112 | D:3      | Reached XP level 5. HP: 20/34 MP: 5/5
  2354 | D:3      | Noticed Jessica
  2360 | D:3      | Killed Jessica
  2515 | D:3      | Noticed Sigmund
  2522 | D:3      | Killed Sigmund
  2523 | D:3      | Reached skill level 5 in Fighting
  2523 | D:3      | Reached skill level 5 in Maces & Flails
  2523 | D:3      | Reached XP level 6. HP: 23/40 MP: 6/6
  2955 | D:4      | Reached skill level 6 in Maces & Flails
  2955 | D:4      | Reached XP level 7. HP: 39/44 MP: 7/7
  3134 | D:4      | Found Hicesh's Magic Scroll Boutique.
  3234 | D:4      | Found a staircase to the Ecumenical Temple.
  3267 | Temple   | Entered the Ecumenical Temple
  3357 | Temple   | Became a worshipper of Gozag Ym Sagoz the Greedy
  3756 | D:5      | Entered Level 5 of the Dungeon
  4058 | D:5      | Reached skill level 7 in Maces & Flails
  4247 | D:5      | Reached XP level 8. HP: 25/52 MP: 8/8
  5052 | D:6      | Found a transporter.
  5162 | D:6      | Noticed Maggie
  5189 | D:6      | Killed Maggie
  5190 | D:6      | Reached skill level 8 in Maces & Flails
  5390 | D:6      | Found a transporter.
  5597 | D:6      | Reached skill level 9 in Maces & Flails
  6136 | D:6      | Reached XP level 9. HP: 59/59 MP: 9/9
  6356 | D:7      | Noticed Pikel
  6439 | D:6      | Killed Pikel
  6440 | D:6      | Reached skill level 10 in Maces & Flails
  7057 | D:7      | You fall into a shaft and drop 3 floors!
  7057 | D:10     | Entered Level 10 of the Dungeon
  7145 | D:10     | Reached skill level 11 in Maces & Flails
  7175 | D:10     | Reached XP level 10. HP: 41/66 MP: 10/10
  7191 | D:10     | Noticed a kobold demonologist
  7206 | D:10     | Killed a kobold demonologist
  7517 | D:10     | Identified the +5 ring mail "Leel" {*Slow rC++ rCorr Int+2}
  7552 | D:10     | Noticed Grum
  7602 | D:10     | Killed Grum
  7603 | D:10     | Reached skill level 10 in Fighting
  7603 | D:10     | Reached skill level 12 in Maces & Flails
  7610 | D:10     | Learned a level 6 spell: Summon Cactus Giant
  7812 | D:10     | Identified the ring "Gyjuf" {rElec rCorr Str+5 Int+6}
  7986 | D:10     | Noticed a two-headed ogre
  8015 | D:10     | Killed a two-headed ogre
  8074 | D:10     | Noticed a two-headed ogre
  8525 | D:8      | Found a flagged portal.
  8550 | D:8      | Noticed Joseph
  8564 | Bailey   | Entered a bailey
  8667 | Bailey   | Noticed an orc knight
  8676 | Bailey   | Noticed an orc knight
  8679 | Bailey   | Noticed an orc knight
  8756 | Bailey   | Killed an orc knight
  8757 | Bailey   | Reached skill level 5 in Summonings
  9264 | D:8      | Reached XP level 11. HP: 66/74 MP: 11/11
  9802 | D:8      | Killed Joseph
 10324 | D:7      | Noticed diceflayer's ghost (novice DsHu)
 10352 | D:7      | Found a transporter.
 10362 | D:7      | Found a transporter.
 10439 | D:7      | Found a blossoming altar of Fedhas.
 10439 | D:7      | Found a shadowy altar of Dithmenos.
 10445 | D:7      | Found a bloodstained altar of Trog.
 10448 | D:7      | Found a faded altar of an unknown god.
 10454 | D:7      | Found an ornate altar of the Wu Jian Council.
 11741 | D:9      | Noticed a centaur warrior
 11742 | D:9      | Noticed a death yak
 11742 | D:9      | Noticed a death yak
 11896 | D:9      | Killed a centaur warrior
 11978 | D:9      | Noticed a death yak
 11995 | D:8      | Killed a death yak
 12004 | D:8      | HP: 5/114 [death yak (8)]
 12006 | D:8      | Slain by a death yak

Illustrated notes

Levels and vault maps discovered:
D:1:      wander_arrival_estate, layout_loops_ring
D:2:      layout_basic, ebering_ecumenical_altar_mist, serial_shops,
          nicolae_shop_temple_entry_statues_fountains, shop,
          nicolae_shop_window_shopping
D:3:      layout_basic, uniq_sigmund, uniq_jessica
D:4:      layout_loops_ring, minmay_temple_entry_statues_fountains,
          serial_shops, shop, nicolae_eternal_life, chequers_jeans
D:5:      layout_gridville, nicolae_concentric_dashed_squares_wild
D:6:      gammafunk_cloud_chamber, layout_basic, uniq_maggie
D:7:      layout_rooms, chequers_temple_overflow_minitemple,
          gammafunk_ghost_arena, minmay_chambers_of_fives, uniq_pikel
D:8:      layout_basic, enter_bailey_5, serial_demonic, serial_demonic_c,
          serial_demonic_f, serial_demonic_f, serial_demonic_b, uniq_joseph
D:9:      layout_cave_pools, dpeg_lair_monsters
D:10:     layout_cave_pods, uniq_grum
Temple:   hc_temple_tempest_star

Skill      XL: |  1  2  3  4  5  6  7  8  9 10 11 |
---------------+----------------------------------+-----
Maces & Flails | 3 4 5 6 7 9 11 12 | 12.0
Fighting       | 4 5 6 7 9 11 | 11.8
Summonings     | 5 7 |  7.5
Armour         | |  3.2
Shields        | |  3.2

Action                   |  1- 3 |  4- 6 |  7- 9 | 10-12 || total
-------------------------+-------+-------+-------+-------++-------
Melee: Flail             |   101 |    89 |   195 |       ||   385
       Whip              |       |       |   173 |   453 ||   626
Throw: Dart              |       |       |       |     6 ||     6
       Throwing net      |       |       |       |     1 ||     1
  Use: Potion            |       |     2 |     2 |     6 ||    10
       Scroll            |       |       |     4 |     4 ||     8
 Stab: Distracted        |       |       |       |     2 ||     2
Armor: Scale mail        |    69 |    51 |    72 |       ||   192
       Chain mail        |       |       |   108 |   170 ||   278
       Skin              |       |       |    15 |     3 ||    18
Dodge: Dodged            |    45 |    53 |    78 |    90 ||   266
Block: Buckler           |    23 |    22 |    53 |    81 ||   179
